AoeStats
← iM 我要打十个

Marketplace

503999711Analyzed
1v1 RM · 1mo ago on Sep 3, 2026· 59m 6s· 2 players
Game mode
Random Map
Map size
Tiny (2 player)
Population
200
Speed
Normal
Resources
Standard
Victory
Conquest
Starting age
Dark Age
Ending age
Imperial Age
RankedLock teamsTeams togetherTeam positionsShared explorationLock speedFull tech treeHidden civsTurbo modeCheats
Victory
Defeat
🇨🇳 Saracens · China
1002
+15
🇪🇸 Byzantines · Spain
982
-15
Enedthol
3:20 Loom
12:09 Feudal Age
14:06 Double-Bit Axe
22:29 Castle Age
23:56 Elite Skirmisher
26:33 Wheelbarrow
28:01 Ballistics
38:37 Imperial Age
36:53 Murder Holes
38:21 Husbandry
40:30 Chemistry
42:54 Hand Cart
42:11 Heavy Camel Rider
43:03 Clinker Construction
48:06 Conscription
52:02 Treadmill Crane
54:43 Scale Barding Armor
54:39 Scale Mail Armor
54:49 Forging
56:39 Chain Mail Armor
57:50 Light Cavalry
59:18 Chain Barding Armor
59:28 Plate Mail Armor
iM 我要打十个
0:45 Loom
11:38 Feudal Age
13:23 Fletching
20:44 Castle Age
19:12 Double-Bit Axe
21:01 Padded Archer Armor
20:44 Horse Collar
22:00 Crossbowman
23:01 Heavy Plow
25:44 Bodkin Arrow
26:44 Bow Saw
29:36 Ballistics
33:28 Wheelbarrow
33:37 Thumb Ring
39:38 Gold Mining
43:56 Imperial Age
41:39 Redemption
45:09 Bracer
45:26 Leather Archer Armor
45:05 Capped Ram
47:00 Bloodlines
46:51 Husbandry
47:42 Gold Shaft Mining
46:57 Stone Mining
47:42 Scale Barding Armor
48:23 Forging
49:39 Chain Barding Armor
50:10 Conscription
50:04 Counterweights
50:51 Husbandry
53:00 Murder Holes
53:16 Masonry
55:26 Plate Barding Armor
54:39 Town Watch
58:38 Bimaristan
57:49 Elite Mameluke
58:26 Pikeman
59:06 Squires
59:38 Scale Mail Armor
60:13 Iron Casting
60:11 Ring Archer Armor
60:17 Iron Casting
Connection lost

Rejoining the realm…

Still unreachable

The connection could not be restored.

Session expired

The server has moved on; the page needs a fresh start.